 Dungeon Crawl Stone Soup version 0.19.5 (webtiles) character file.

168 tricornhat the Firebug (level 5, -2/35 HPs)
             Began as a Demonspawn Fire Elementalist on Apr 22, 2017.
             Killed by nerve-wracking pain
             ... invoked by Grinder
              (13 damage)
             ... on level 4 of the Dungeon.
             The game lasted 00:22:22 (3441 turns).

tricornhat the Firebug (DsFE)                       Turns: 3441, Time: 00:22:22

Health: -2/35      AC:  2    Str:  8    XL:     5   Next: 23%
Magic:  1/9        EV: 21    Int: 17    God:
Gold:   194        SH:  0    Dex: 19    Spells: 3 memorised, 4 levels left

rFire  . . .     SeeInvis .     a - +2 dagger (drain)
rCold  . . .     Gourm    .     d - +0 robe
rNeg   . . .     Faith    .     (no shield)
rPois  .         Spirit   .     (no helmet)
rElec  .         Reflect  .     (no cloak)
rCorr  .         Harm     .     (no gloves)
MR     .....                    (no boots)
Stlth  ++++......               (no amulet)
                                h - +3 ring of evasion
                                e - ring of wizardry

@: agile
A: nightstalker 1, powered by pain 1
a: no special abilities


You were on level 4 of the Dungeon.
You were not hungry.

You visited 1 branch of the dungeon, and saw 4 of its levels.

You collected 194 gold pieces.

Inventory:

Hand Weapons
 a - a +2 dagger of draining (weapon)
Armour
 d - a +0 robe (worn)
Jewellery
 e - a ring of wizardry (left hand)
 h - a +3 ring of evasion (right hand)
 p - a +5 ring of intelligence {unknown}
 r - a +3 ring of intelligence {unknown}
Scrolls
 g - 2 scrolls of magic mapping {unknown}
 l - a scroll of enchant armour {unknown}
 s - a scroll of identify
Potions
 f - 3 potions of curing {unknown}
 i - a potion of haste {unknown}
 k - a potion of lignification {unknown}
 m - a potion of might {unknown}
 o - a potion of mutation {unknown}
Books
 b - a book of Flames

   Spells                             Type                      Level
   a - Flame Tongue                   Conjuration/Fire             1
   b - Throw Flame                    Conjuration/Fire             2
   c - Conjure Flame                  Conjuration/Fire             3
   d - Inner Flame                    Hexes/Fire                   3
   e - Sticky Flame                   Conjuration/Fire             4
   f - Fireball                       Conjuration/Fire             5
Comestibles
 c - 4 bread rations
 j - 2 meat rations
 n - a royal jelly


   Skills:
 + Level 0.2 Fighting
 + Level 0.3 Short Blades
 + Level 1.8 Dodging
 + Level 2.7 Stealth
 * Level 3.0 Spellcasting
 + Level 2.3 Conjurations
 + Level 3.7 Fire Magic


You had 4 spell levels left.
You knew the following spells:

 Your Spells              Type           Power        Failure   Level  Hunger
a - Flame Tongue          Conj/Fire      ##...        2%          1    None
b - Throw Flame           Conj/Fire      ##....       4%          2    ##.....
c - Conjure Flame         Conj/Fire      ##......     7%          3    ###....


Dungeon Overview and Level Annotations

Branches:
Dungeon (4/15)             Temple (0/1) D:4

Altars:
Nemelex Xobeh

Annotations:
D:4 Grinder


Innate Abilities, Weirdness & Mutations

You are slightly more attuned to the shadows.
You sometimes gain a little power by taking damage.


Message History

The giant cockroach barely misses you. Grinder hits you.
You writhe in agony.
You hit the giant cockroach but do no damage.
The giant cockroach misses you.
Grinder blinks!
You closely miss the giant cockroach. The giant cockroach bites you.
The giant cockroach closely misses you.
You hit the giant cockroach.
The giant cockroach is heavily wounded.
The giant cockroach completely misses you.
You hit the giant cockroach.
You kill the giant cockroach!
Grinder blinks!
Grinder misses you.
There is a stone staircase leading up here.
Grinder gestures at you.
You barely resist. Grinder barely misses you.
There is a stone staircase leading up here.
Grinder gestures at you. Pain shoots through your body!
You die...

.........###
...........###
.............#
.......%......
######'#####+#
#......#
#..5...#
#.<....#
#.@....#
##.##.## ###
.# .. ... ....


You could see Grinder.

Vanquished Creatures
  An orc wizard (D:3)
  3 adders
  An ooze (D:3)
  2 worms
  4 dart slugs
  3 leopard geckos
  9 orcs (D:3)
  13 bats
  4 giant cockroaches
  10 goblins
  8 hobgoblins
  A quokka (D:3)
  A ball python (D:3)
  4 frilled lizards
  7 kobolds
  9 rats
80 creatures vanquished.

Notes
Turn   | Place    | Note
-------+----------+-------------------------------------------
     0 | D:1      | tricornhat the Demonspawn Fire Elementalist began the quest for the Orb.
     0 | D:1      | Reached XP level 1. HP: 13/13 MP: 3/3
   223 | D:1      | Gained mutation: You sometimes gain a little power by taking damage. [demonic ancestry]
   223 | D:1      | Reached XP level 2. HP: 19/19 MP: 5/5
   675 | D:1      | Gained mutation: You are slightly more attuned to the shadows. [demonic ancestry]
   675 | D:1      | Reached XP level 3. HP: 20/24 MP: 6/6
  1591 | D:2      | Found a sparkling altar of Nemelex Xobeh.
  1876 | D:2      | Learned a level 3 spell: Conjure Flame
  1879 | D:2      | Learned a level 2 spell: Throw Flame
  1999 | D:3      | Reached XP level 4. HP: 30/30 MP: 3/8
  2875 | D:3      | Reached XP level 5. HP: 26/35 MP: 1/9
  3197 | D:4      | Noticed Grinder
  3198 | D:4      | Found a staircase to the Ecumenical Temple.
  3420 | D:4      | Paralysed by Grinder for 3 turns
  3441 | D:4      | Killed from afar by Grinder

Skill      XL: |  1  2  3  4 |
---------------+-------------+-----
Fire Magic     | 3 |  3.7
Stealth        | 2 |  2.7
Conjurations   | 2 |  2.3
Spellcasting   | 3 |  3.0
Fighting       | |  0.2
Short Blades   | |  0.3
Dodging        | |  1.8

Action                   |  1- 3 |  4- 6 || total
-------------------------+-------+-------++-------
Melee: Dagger            |    18 |    12 ||    30
 Cast: Flame Tongue      |    59 |    48 ||   107
       Throw Flame       |     2 |    21 ||    23
  Use: Scroll            |     5 |       ||     5
 Stab: Sleeping          |     7 |     3 ||    10
  Eat: Chunk             |     3 |     2 ||     5
       Bread ration      |       |     1 ||     1
Armor: Robe              |    11 |     9 ||    20
Dodge: Dodged            |    47 |    42 ||    89
